 Dungeon Crawl Stone Soup version 0.29-a0-474-gdfe5cd140f (webtiles) character file.

Game seed: 8168591079478102767

6009 dabmancer the Thaumaturge (level 10, -3/44 HPs)
             Began as a Spriggan Hedge Wizard on May 23, 2022.
             Was an Initiate of Kikubaaqudgha.
             Slain by a harpy zombie (5 damage)
             ... on level 8 of the Dungeon.
             The game lasted 01:54:27 (27476 turns).

dabmancer the Thaumaturge (Spriggan Hedge Wizard)  Turns: 27476, Time: 01:54:28

Health: -3/44      AC:  4    Str:  6      XL:     10   Next: 56%
Magic:  28/28      EV: 22    Int: 20 (21) God:    Kikubaaqudgha [......]
Gold:   263        SH:  0    Dex: 20      Spells: 12/35 levels left

rFire   + + .      SeeInvis +   g - +1 dagger (venom)
rCold   + . .      Faith    .   (no shield)
rNeg    . . .      Spirit   .   M - +2 robe {rF+}
rPois   .          Reflect  .   c - +0 hat
rElec   .          Harm     .   A - scarf {rC+ rF+}
rCorr   .          Rampage  .   (gloves unavailable)
Will    +....                   (boots unavailable)
Stlth   +++.......              U - amulet of magic regeneration
HPRegen 0.14/turn               i - +6 ring of dexterity
MPRegen 0.61/turn               (no ring)

@: very quick
A: very small, no large weapons, unfitting armour, see invisible, speed 3
a: Renounce Religion


You were on level 8 of the Dungeon.
You worshipped Kikubaaqudgha.
Kikubaaqudgha was noncommittal.
You visited 2 branches of the dungeon, and saw 9 of its levels.

You collected 325 gold pieces.
You spent 62 gold pieces at shops.

Inventory:

Hand Weapons
 g - a +1 dagger of venom (weapon)
 r - a +0 dagger of venom
 s - a +0 vorpal shortbow
 D - a +2 flail of protection
 E - a +0 trident of venom
 H - a +1 short sword of electrocution
 R - a +0 dagger of draining
 S - a +2 short sword
Missiles
 a - a boomerang of dispersal
 k - 266 stones
 O - 4 poisoned darts
 P - a curare-tipped dart
Armour
 c - a +0 hat (worn)
 q - an orb of energy
 y - a +0 cloak
 A - a scarf of resistance (worn)
 M - a +2 robe of fire resistance (worn)
 T - a scarf of invisibility
 V - a scarf of harm
Magical Staves
 o - a staff of earth
Jewellery
 i - a +6 ring of dexterity (left hand)
 Q - a ring of ice
 U - an amulet of magic regeneration (around neck)
Wands
 w - a wand of iceblast (4)
 z - a wand of charming (10)
 J - a wand of mindburst (1)
 L - a wand of acid (2)
Scrolls
 e - 2 scrolls of amnesia
 f - a scroll of enchant weapon {unknown}
 j - 2 scrolls of teleportation
 l - 3 scrolls of identify
 p - 2 scrolls of summoning {unknown}
 u - a scroll of blinking {unknown}
 x - 2 scrolls of enchant armour {unknown}
 C - 2 scrolls of poison {unknown}
 F - 4 scrolls of magic mapping
 G - 5 scrolls of fear
 N - 2 scrolls of immolation {unknown}
Potions
 b - 4 potions of brilliance {unknown}
 d - 2 potions of magic
 h - 2 potions of attraction {unknown}
 n - 2 potions of curing
 t - 3 potions of cancellation
 B - 2 potions of heal wounds {unknown}
 I - a potion of lignification {unknown}
 K - a potion of flight {unknown}


   Skills:
 + Level 0.1 Polearms
 + Level 7.0 Dodging
 + Level 5.1 Stealth
 + Level 13.1 Spellcasting
 + Level 6.0 Conjurations
 + Level 4.0 Summonings
 + Level 1.1 Necromancy
 + Level 1.7 Translocations
 + Level 0.2 Transmutations
 + Level 5.9 Evocations


You had 12 spell levels left.
You knew the following spells:

 Your Spells              Type           Power      Damage    Failure   Level
a - Magic Dart            Conj           100%       1d8       1%          1
b - Blink                 Tloc           40%        N/A       3%          2
c - Call Imp              Summ           29%        N/A       1%          2
d - Conjure Flame         Conj/Fire      25%        6-21      4%          3
e - Vampiric Draining     Necr           17%        2d7       10%         3
f - Passwall              Tmut/Erth      10%        N/A       7%          2
g - Summon Ice Beast      Ice/Summ       21%        N/A       22%         4
h - Animate Dead          Necr           17%        N/A       32%         4
n - Necrotize             Necr           68%        1d7       3%          1
s - Slow                  Hex            52%        N/A       4%          1

Your spell library contained the following spells:

 Spells                   Type           Power      Damage    Failure   Level
 Mephitic Cloud           Conj/Pois/Air  21%        N/A       7%          3
 Ensorcelled Hibernation  Hex/Ice        26%        N/A       8%          2
 Poisonous Vapours        Pois/Air       26%        N/A       8%          2
 Swiftness                Air            13%        N/A       16%         3
 Anguish                  Hex/Necr       7%         N/A       36%         4
 Corpse Rot               Necr/Pois/Air  14%        N/A       41%         4
 Cause Fear               Hex            6%         N/A       43%         4
 Summon Mana Viper        Hex/Summ       21%        N/A       52%         5
 Dragon Form              Tmut           6%         N/A       100%        7
 Monstrous Menagerie      Summ           14%        N/A       100%        7
 Dragon's Call            Summ           14%        N/A       100%        9


Dungeon Overview and Level Annotations

Branches:
Dungeon (8/15)             Temple (1/1) D:6
   Lair: D:8-11

Altars:
Ashenzari
Cheibriados
Dithmenos
Elyvilon
Fedhas
Gozag
Hepliaklqana
Kikubaaqudgha
Makhleb
Nemelex Xobeh
Qazlal
Ru
Sif Muna
Uskayaw
Vehumet
Wu Jian
Xom
Yredelemnul
Zin
The Shining One

Shops:
D:3 [

Annotations:
D:8 Erica


Innate Abilities, Weirdness & Mutations

You are very small and have problems with some larger weapons.
You are too small for most types of armour.
You have supernaturally acute eyesight. (SInv)
You cover ground extremely quickly. (Speed+++)


Message History

The harpy zombie claws you! The harpy zombie misses you.
The harpy zombie claws you. The harpy zombie misses you.
The harpy zombie closely misses you. The harpy zombie completely misses you.
Your white imp hits the harpy zombie.
Your white imp freezes the harpy zombie.
The harpy zombie completely resists.
The harpy zombie misses you. The harpy zombie closely misses you.
The harpy zombie completely misses you. The harpy zombie misses you.
Your white imp gestures at the harpy zombie.
The puff of frost hits the harpy zombie.
The harpy zombie resists.
You climb upwards.
Your summoned ally is left behind.
There is a stone staircase leading down here.
You start resting.
Magic restored.
You start resting.
HP restored.
You start waiting.
Done waiting.
You start waiting.
Done waiting.
You start waiting.
Done waiting.
You start waiting.
Done waiting.
You climb downwards.
Level annotation: Erica The harpy zombie barely misses you. x3; The harpy zombie claws you!
The harpy zombie misses you. The harpy zombie claws you.
There is a stone staircase leading up, spattered with blood here.
The magic dart hits the harpy zombie.
The harpy zombie is heavily damaged.
The harpy zombie claws you but does no damage.
The harpy zombie claws you! x2
* * * LOW HITPOINT WARNING * * *
The harpy zombie closely misses you. The harpy zombie barely misses you. x2
Magic restored.
The harpy zombie claws you!
* * * LOW HITPOINT WARNING * * *
The harpy zombie claws you.
You die...
Kikubaaqudgha rasps: "You have failed me!
Welcome... death!"

........@..##
....##......##
..#.###......##
..#.# #.#.....###
.##.###.###.)...###
........#.........#
)##.#####.........#
....#####....[....#
###..........^..@.#
######...........Z#
....#####.........#
....#####.........#
.......#####.######
....##.#####)..#
######...Z).##.###
######......##
####....#


You could see a harpy zombie.

Vanquished Creatures
  A two-headed ogre (D:8)
  2 centaur zombies (D:8)
  3 centaur skeletons (D:8)
  2 hellwings
  Sigmund (D:5)
  Edmund (D:5)
  Duvessa (D:4)
  An orc warrior (D:8)
  2 water moccasins
  An ogre (D:6)
  A sky beast (D:7)
  4 centaurs
  2 phantoms
  Blork the orc (D:5)
  4 scorpions
  A bullfrog (D:7)
  A necrophage (D:7)
  4 wights
  A water moccasin zombie (D:4)
  Dowan (D:4)
  A bullfrog zombie (D:4)
  4 hounds
  2 orc priests
  3 jellies
  2 iguanas
  A scorpion zombie (D:4)
  5 orc wizards
  A hound zombie (D:4)
  A gnoll (D:2)
  7 adders
  2 shadow imps
  2 white imps (D:5)
  2 ufetubi
  An adder skeleton (D:4)
  2 worms (D:2)
  3 dart slugs (D:3)
  30 orcs
  7 endoplasms
  6 giant cockroaches
  12 hobgoblins
  6 jackals
  9 kobolds
  3 quokkas
  11 ball pythons
  4 bats
  12 goblins
  A quokka skeleton (D:4)
  7 rats
182 creatures vanquished.

Vanquished Creatures (collateral kills)
  A water moccasin (D:7)
  A sky beast (D:6)
  An orc warrior (Temple)
  A bullfrog (D:7)
  2 orc priests
  An orc wizard (D:8)
  3 gnolls (D:2)
  A shadow imp (D:8)
  A white imp (D:6)
  3 orcs
15 creatures vanquished.

Vanquished Creatures (others)
  12 withered plants
12 creatures vanquished.

Grand Total: 209 creatures vanquished

Notes
Turn   | Place    | Note
-------+----------+-------------------------------------------
     0 | D:1      | dabmancer the Spriggan Hedge Wizard began the quest for the
                  | Orb.
     0 | D:1      | Reached XP level 1. HP: 9/9 MP: 6/6
   210 | D:1      | Reached XP level 2. HP: 11/13 MP: 0/8
  1015 | D:1      | Reached XP level 3. HP: 15/16 MP: 1/10
  1162 | D:1      | Reached skill level 5 in Spellcasting
  1527 | D:2      | Reached skill level 1 in Conjurations
  3098 | D:2      | Learned a level 2 spell: Blink
  3107 | D:2      | Learned a level 2 spell: Call Imp
  3133 | D:2      | Reached skill level 1 in Evocations
  3133 | D:2      | Reached XP level 4. HP: 21/21 MP: 2/12
  3984 | D:3      | Found Awnaisesu's Armour Shoppe.
  3992 | D:3      | Bought a +0 cloak for 54 gold pieces
  3992 | D:3      | Bought a +0 robe for 8 gold pieces
  4068 | D:3      | Reached XP level 5. HP: 24/24 MP: 5/14
  4195 | D:3      | Found a faded altar of an unknown god.
  4493 | D:3      | Found an ancient bone altar of Kikubaaqudgha.
  4506 | D:3      | Found a burning altar of Makhleb.
  4572 | D:3      | Found a snail-covered altar of Cheibriados.
  4573 | D:3      | Found a shadowy altar of Dithmenos.
  5265 | D:4      | Noticed Dowan
  5399 | D:4      | Reached skill level 6 in Spellcasting
  7976 | D:4      | Reached XP level 6. HP: 28/28 MP: 12/16
  8213 | D:4      | Noticed Duvessa
  8841 | D:4      | Found a broken altar of Ashenzari.
  9121 | D:4      | Found a radiant altar of Vehumet.
  9121 | D:4      | Found a stormy altar of Qazlal.
  9312 | D:5      | Entered Level 5 of the Dungeon
  9858 | D:5      | Reached XP level 7. HP: 27/32 MP: 6/18
 10477 | D:3      | Became a worshipper of Kikubaaqudgha
 10575 | D:4      | Reached skill level 7 in Spellcasting
 10575 | D:4      | Reached skill level 1 in Summonings
 10823 | D:4      | Killed Duvessa
 11003 | D:4      | Killed Dowan
 11521 | D:5      | Noticed Blork the orc
 11528 | D:5      | Killed Blork the orc
 11588 | D:5      | Noticed Sigmund
 11591 | D:5      | Killed Sigmund
 11592 | D:5      | Reached skill level 5 in Evocations
 11592 | D:5      | Reached XP level 8. HP: 36/36 MP: 20/20
 11608 | D:5      | Noticed Edmund
 11675 | D:5      | Reached skill level 8 in Spellcasting
 11772 | D:5      | Killed Edmund
 13109 | D:5      | Reached skill level 5 in Dodging
 13638 | D:6      | Found a staircase to the Ecumenical Temple.
 13644 | Temple   | Entered the Ecumenical Temple
 13879 | Temple   | Learned a level 3 spell: Conjure Flame
 14357 | D:6      | Reached skill level 9 in Spellcasting
 14650 | D:6      | Learned a level 1 spell: Slow
 14653 | D:6      | Learned a level 2 spell: Passwall
 15429 | D:6      | Reached * piety under Kikubaaqudgha
 15429 | D:6      | Received a gift from Kikubaaqudgha
 15432 | D:6      | Learned a level 1 spell: Necrotize
 16338 | D:6      | Reached XP level 9. HP: 39/39 MP: 23/23
 16351 | D:6      | Learned a level 3 spell: Vampiric Draining
 16384 | D:7      | Reached skill level 10 in Spellcasting
 18414 | D:8      | Noticed a two-headed ogre
 18623 | D:7      | Reached skill level 11 in Spellcasting
 18758 | D:8      | Noticed Erica
 20241 | D:8      | Reached skill level 5 in Stealth
 20241 | D:8      | Reached skill level 5 in Conjurations
 23451 | D:8      | Reached XP level 10. HP: 32/44 MP: 24/26
 23526 | D:8      | Reached skill level 12 in Spellcasting
 23857 | D:8      | Found a hide-covered altar of Uskayaw.
 23934 | D:8      | Killed a two-headed ogre
 23935 | D:8      | Reached skill level 1 in Necromancy
 23981 | D:8      | Found an opulent altar of Gozag.
 24060 | D:8      | Identified the +1 pair of gloves of the Forest {+Blink
                  | Dex+2 SInv}
 25155 | D:7      | Reached skill level 13 in Spellcasting
 25375 | D:7      | Learned a level 4 spell: Summon Ice Beast
 25380 | D:7      | Learned a level 4 spell: Animate Dead
 27476 | D:8      | HP: 2/44 [harpy zombie (11)]
 27476 | D:8      | Slain by a harpy zombie

Illustrated notes

Levels and vault maps discovered:
D:1:      mrwooster_arrival_statue_2, layout_basic
D:2:      layout_loops_corners
D:3:      layout_basic, amethyst_overflow_temple_binary,
          gammafunk_temple_overflow_pools, serial_shops, shop,
          nicolae_ecumenical_snake_handling, minmay_misc_feat_more_columns
D:4:      layout_basic, lemuel_doored_altar, gammafunk_temple_overflow_wave,
          serial_undead, serial_undead_a, serial_undead_b, serial_undead_c,
          serial_undead_f, serial_undead_f, uniq_duvessa
D:5:      layout_loops_ring, uniq_edmund, uniq_sigmund, uniq_blork_the_orc
D:6:      layout_loops_ring, minmay_temple_entry_enclosed_plants
D:7:      layout_basic, wad_rectangle_vault
D:8:      cheibrodos_grave_circle, layout_rooms, mainiacjoe_overflow_alcove_1,
          mainiacjoe_overflow_catwalk, dpeg_lair_monsters, uniq_erica
Temple:   jpeg_temple_clearing

Skill      XL: |  1  2  3  4  5  6  7  8  9 10 |
---------------+-------------------------------+-----
Dodging        | 3 4 5 6 7 |  7.0
Spellcasting   | 5 6 7 9 11 13 | 13.1
Conjurations   | 1 2 3 4 5 6 |  6.0
Evocations     | 1 2 3 5 |  5.9
Stealth        | 4 5 |  5.1
Summonings     | 1 2 3 4 |  4.0
Necromancy     | 1 |  1.1
Polearms       | |  0.1
Translocations | |  1.7
Transmutations | |  0.2

Action                   |  1- 3 |  4- 6 |  7- 9 | 10-12 || total
-------------------------+-------+-------+-------+-------++-------
Melee: Dagger            |    23 |    69 |    54 |     5 ||   151
       Punch             |     1 |     1 |       |       ||     2
       Trident           |       |       |     2 |       ||     2
Throw: Stone             |       |    15 |       |       ||    15
       Dart              |       |     5 |    34 |     5 ||    44
       Boomerang         |       |     2 |     1 |       ||     3
 Cast: Magic Dart        |   147 |   257 |   343 |   112 ||   859
       Call Imp          |     1 |     7 |    37 |    10 ||    55
       Conjure Flame     |       |       |     2 |     1 ||     3
       Blink             |       |       |     1 |     3 ||     4
       Passwall          |       |       |     1 |       ||     1
       Necrotize         |       |       |     7 |     2 ||     9
       Slow              |       |       |       |     2 ||     2
       Animate Dead      |       |       |       |     1 ||     1
       Summon Ice Beast  |       |       |       |     1 ||     1
Invok: Unearth Wretches  |       |       |       |     1 ||     1
Evoke: Wand              |       |     1 |    22 |    24 ||    47
  Use: Scroll            |       |     2 |     4 |       ||     6
       Potion            |       |       |     3 |     6 ||     9
Armor: Robe              |     4 |    11 |    39 |    12 ||    66
Dodge: Dodged            |    33 |    99 |   220 |   122 ||   474

Table legend: (Time is in decaauts)
 A = Elapsed time spent in this place.
 B = Non-inter-level travel time spent in this place.
 C = Inter-level travel time spent in this place.
 D = Time resting spent in this place.
 E = Time spent auto-exploring this place.
 F = Levels seen in this place.
 G = Mean time per level.
                   A        B        C        D        E       F      G
               +--------+--------+--------+--------+--------+-----+--------+
         Total |  23410 |  22008 |   1402 |  11767 |   6653 |   9 | 2601.1 |
       Dungeon |  22854 |  21471 |   1383 |  11567 |   6430 |   8 | 2856.8 |
        Temple |    556 |    537 |     19 |    200 |    223 |   1 |  556.0 |
               +--------+--------+--------+--------+--------+-----+--------+

Top non-repeatable levels by time:
     D:7: 8321 daAuts
     D:3: 3575 daAuts
     D:4: 2836 daAuts
     D:5: 1929 daAuts
     D:2: 1903 daAuts
     D:8: 1814 daAuts
     D:1: 1246 daAuts
     D:6: 1227 daAuts
  Temple: 556 daAuts
